 Dungeon Crawl Stone Soup version 0.29.1-1-gd02db6906a (webtiles) character file.

Game seed: 14485235187495266411

4891 xian the Cudgeller (level 10, -7/42 HPs)
             Began as a Vine Stalker Chaos Knight on Sept 27, 2022.
             Was a Plaything of Xom.
             Killed from afar by a starcursed mass (10 damage)
             ... with an accursed screaming
             ... on level 1 of the Abyss on Sept 28, 2022.
             The game lasted 00:33:51 (7583 turns).

xian the Cudgeller (Vine Stalker Chaos Knight)      Turns: 7583, Time: 00:33:52

Health: -7/42      AC: 22    Str: 16 (18) XL:     10   Next: 51%
Magic:  0/11       EV:  7    Int:  8 (10) God:    Xom [..*...]
Gold:   654        SH:  6    Dex: 12 (13) Spells: 9/9 levels left

rFire   . . .      SeeInvis +   u - +11 mace of the Depths {venom, rElec rCorr Str-4 Stlth+}
rCold   . . .      Faith    .   B - +2 buckler
rNeg    . . .      Spirit   +   K - +8 chain mail of Experimentation {+Inv rElec}
rPois   .          Reflect  .   L - +0 hat
rElec   +          Harm     .   G - +0 cloak
rCorr   +          Rampage  .   z - +2 pair of gloves
Will    +....                   (no boots)
Stlth   ..........              (no amulet)
HPRegen 0.94/turn               w - +6 ring of strength
MPRegen 0.12/turn               v - ring of see invisible

@: glowing, unable to drink
A: fangs 3, regeneration 1, magic shield, antimagic bite, no potion heal 2,
[deterioration 2], [dopey 1], [frail 2], [weak 2], [subdued magic 3], [inability
to drink after injury 2]
a: Renounce Religion, Evoke Invisibility


You were on level 1 of the Abyss.
You worshipped Xom.
You were a toy of Xom.
You visited 1 branch of the dungeon, and saw 9 of its levels.
You visited the Abyss 1 time.

You collected 680 gold pieces.
You spent 26 gold pieces at shops.

Inventory:

Hand Weapons
 a - a +1 hand axe of chaos
 r - the +4 dagger "Uzanecaf" {freeze, rF+ Str+6}
   (You took it off a hobgoblin on level 2 of the Dungeon)

   It freezes those it strikes, dealing additional cold damage.
   It can also slow down cold-blooded creatures.
   Str:       It affects your strength (+6).
   rF:        It protects you from fire.
 t - the +7 whip of Hepliaklqana's Regard {vorpal, Will+ Int+7}
   (You found it on level 3 of the Dungeon)

   It inflicts extra damage upon your enemies.
   Int:       It affects your intelligence (+7).
   Will:      It increases your willpower.
 u - the +11 mace of the Depths (weapon) {venom, rElec rCorr Str-4 Stlth+}
   (You found it on level 3 of the Dungeon)

   It poisons the flesh of those it strikes.
   Str:       It affects your strength (-4).
   rElec:     It insulates you from electricity.
   rCorr:     It protects you from acid and corrosion.
   Stlth:     It makes you more stealthy.
Missiles
 f - a throwing net
 l - 7 silver boomerangs
 C - 6 javelins
 D - 3 poisoned darts (quivered)
Armour
 z - a +2 pair of gloves (worn)
 B - a +2 buckler (worn)
 G - a +0 cloak (worn)
 K - the +8 chain mail of Experimentation (worn) {+Inv rElec}
   (You found it on level 8 of the Dungeon)

   rElec:     It insulates you from electricity.
   +Inv:      It lets you turn invisible.
 L - a +0 hat (worn)
Jewellery
 v - a ring of see invisible (right hand)
 w - a +6 ring of strength (left hand)
Wands
 j - a wand of acid (6)
 y - a wand of flame (9)
 E - a wand of charming (19)
Scrolls
 b - a scroll of amnesia
 g - 2 scrolls of magic mapping
 i - 2 scrolls of immolation
 o - a scroll of enchant armour
 p - a scroll of blinking
 q - 3 scrolls of teleportation
 s - 2 scrolls of vulnerability
 F - a scroll of silence
 J - a scroll of poison
Potions
 d - 2 potions of haste
 e - 3 potions of attraction
 h - a potion of lignification {unknown}
 k - a potion of berserk rage
 m - 4 potions of curing
 x - 2 potions of brilliance
 A - 2 potions of ambrosia
 H - a potion of cancellation {unknown}
 I - a potion of invisibility
Miscellaneous
 c - a piece from Xom's chessboard (15/15)


   Skills:
 + Level 5.7 Fighting
 + Level 3.6(6.0) Axes
 + Level 7.4(7.9) Maces & Flails
 + Level 1.0 Throwing
 + Level 4.4 Armour
 + Level 2.9 Dodging
 + Level 4.3 Stealth
 + Level 3.1 Shields
 * Level 6.7 Evocations


You had 9 spell levels left.
You didn't know any spells.
Your spell library contained the following spells:

 Spells                   Type           Power      Damage    Failure   Level
 Shock                    Conj/Air       0%         1d3       100%        1
 Sting                    Tmut/Pois      0%         1d3       100%        1
 Summon Small Mammal      Summ           0%         N/A       100%        1
 Poisonous Vapours        Pois/Air       0%         N/A       100%        2
 Scorch                   Fire           0%         2d5       100%        2
 Call Canine Familiar     Summ           0%         N/A       100%        3
 Conjure Flame            Conj/Fire      0%         6-21      100%        3
 Ignite Poison            Fire/Tmut/Pois 0%         N/A       100%        3
 Summon Guardian Golem    Hex/Summ       0%         N/A       100%        3
 Swiftness                Air            0%         N/A       100%        3
 Airstrike                Air            0%         2d(0-16)  100%        4
 Flame Wave               Conj/Fire      0%         2d4       100%        4
 Olgreb's Toxic Radiance  Pois           0%         N/A       100%        4
 Sticky Flame             Conj/Fire      0%         2d3       100%        4
 Summon Lightning Spire   Summ/Air       0%         N/A       100%        4
 Summon Cactus Giant      Summ           0%         N/A       100%        6
 Storm Form               Tmut/Air       0%         N/A       100%        7
 Maxwell's Capacitive Co  Air            0%         ∞         100%        8


Dungeon Overview and Level Annotations

Branches:
Dungeon (9/15)             Temple (0/1) D:4            Lair (0/5) D:8
    Orc: D:9-12

Altars:
Ashenzari
Dithmenos
Hepliaklqana
Kikubaaqudgha
Uskayaw
Vehumet
Xom
Yredelemnul
The Shining One

Shops:
D:2 !*

Portals:
Abyss: D:9

Annotations:
D:5 2 transporters, turdburglar's ghost, amateur MiFi
D:9 1 transporter, PorkyPig's ghost, novice HOMo


Innate Abilities, Weirdness & Mutations

You have razor-sharp teeth.
Your natural rate of healing is unusually fast.
When hurt, damage is shared between your health and your magic reserves.
Your bite disrupts and absorbs the magic of your enemies.
Potions cannot restore your health.
[Your body often deteriorates upon taking damage.]
[You are dopey. (Int -2)]
[You are very frail. (-20% HP)]
[You are very weak. (Str -4)]
[Your spells are much easier to cast, but much less powerful.]
[You sometimes lose the ability to drink potions when taking damage.]


Message History

You feel threatened and lose the ability to drink potions!
* * * LOW HITPOINT WARNING * * *
The sixfirhy attacks as you move away! The sixfirhy closely misses you.
Unknown command.
You can drink potions again.
Xom makes a sudden noise!
You hear an angry hiss.
You hear a shout!
An angel comes into view. It is wielding a +3 whip of holy wrath.
The sixfirhy closely misses you. The sixfirhy attacks as you move away!
The sixfirhy hits you but does no damage.
Your extra speed is starting to run out.
You block the sixfirhy's attack.
The sixfirhy hits you but does no damage.
A starcursed mass comes into view.
The angel hits you but does no damage. The angel completely misses you.
The starcursed mass shrieks in your mind.
* * * LOW HITPOINT WARNING * * *
A starcursed mass splits.
A chorus of shrieks assaults your mind.
You feel threatened and lose the ability to drink potions!
* * * LOW HITPOINT WARNING * * *
The sixfirhy barely misses you. The sixfirhy attacks as you move away!
The sixfirhy hits you but does no damage.
You block the sixfirhy's attack.
The ancient lich mumbles some strange words.
The ancient lich flickers and vanishes for a moment.
The sixfirhy hits you.
* * * LOW HITPOINT WARNING * * *
The sixfirhy shocks you. You resist.
* * * LOW HITPOINT WARNING * * *
A starcursed mass splits.
You block the angel's attack. The angel hits you but does no damage.
You feel yourself slow down.
A starcursed mass splits.
A starcursed mass splits.
A deafening chorus of shrieks assaults your mind!
You die...
Xom thinks this is hilarious!

....#.....#....##..#
................##..#
. . ...L.............
... .................
.....#.....#.3..##..#
#...###...
##x..##..## ....
#.....#..X....... ..
.........AXXX.....
.........@X.##..##
............# .#
.....#....... ..
#...###......... ....
....##..# ... ....#
..# #. .#.#. .# #.
....


You could see 5 starcursed masses, an angel, a sixfirhy and a small abomination.

Vanquished Creatures
  A toenail golem (D:9)
  A komodo dragon (D:9)
  An ancient zyme (Abyss:1)
  A meliai (D:8)
  5 yaks (D:9)
  A large abomination (Abyss:1)
  An acid dragon (D:9)
  2 sky beasts
  An orc warrior (D:7)
  2 ice beasts (D:6)
  An ogre (D:5)
  A centaur (D:5)
  A phantom (D:6)
  A kobold brigand (D:6)
  3 bullfrogs
  3 necrophages
  2 scorpions (D:5)
  5 wights
  A killer bee (D:8)
  7 howler monkeys (D:8)
  A quasit (D:7)
  2 jellies
  4 hounds
  2 gnoll boudas
  6 orc priests
  Jessica (D:3)
  2 iguanas
  Terence (D:3)
  7 orc wizards
  11 gnolls
  7 adders
  5 shadow imps
  2 white imps (D:7)
  An ufetubus (D:7)
  3 worms
  43 orcs
  8 bats
  6 endoplasms
  5 giant cockroaches
  7 goblins
  6 hobgoblins
  3 jackals (D:1)
  5 quokkas
  5 ball pythons
  5 frilled lizards
  12 kobolds
  6 rats
207 creatures vanquished.

Vanquished Creatures (others)
  29 plants (D:8)
29 creatures vanquished.

Grand Total: 236 creatures vanquished

Notes
Turn   | Place    | Note
-------+----------+-------------------------------------------
     0 | D:1      | xian the Vine Stalker Chaos Knight began the quest for the
                  | Orb.
     0 | D:1      | Reached XP level 1. HP: 11/11 MP: 2/2
    70 | D:1      | XOM: noise
    84 | D:1      | Reached skill level 1 in Dodging
   115 | D:1      | Reached XP level 2. HP: 15/16 MP: 3/3
   155 | D:1      | XOM: divination: detect creatures
   376 | D:1      | XOM: divination: detect items
   425 | D:1      | XOM: butterfly on damage
   590 | D:1      | Reached XP level 3. HP: 18/20 MP: 4/4
  1523 | D:2      | XOM is BORED!
  1523 | D:2      | Found Viomaem's Distillery.
  1523 | D:2      | XOM: 8-stop teleportation journey
  1634 | D:2      | XOM: scenery: summon butterflies
  1688 | D:2      | Identified the +4 dagger "Uzanecaf" {freeze, rF+ Str+6}
  1696 | D:2      | Found Okhuoci's General Store.
  1704 | D:2      | Bought a scroll of identify for 26 gold pieces
  2099 | D:3      | Noticed Jessica
  2103 | D:3      | Killed Jessica
  2104 | D:3      | Reached skill level 1 in Evocations
  2104 | D:3      | Gained mutation: Your natural rate of healing is unusually
                  | fast. [Vine Stalker growth]
  2104 | D:3      | Reached XP level 4. HP: 24/24 MP: 5/5
  2111 | D:3      | Identified the +7 whip of Hepliaklqana's Regard {vorpal,
                  | Will+ Int+7}
  2242 | D:3      | XOM: 2-stop teleportation journey
  2246 | D:3      | Identified the +11 mace of the Depths {venom, rElec rCorr
                  | Str-4 Stlth+}
  2308 | D:3      | Noticed Terence
  2313 | D:3      | Killed Terence
  2314 | D:3      | Reached XP level 5. HP: 23/28 MP: 3/6
  2385 | D:3      | Found a hide-covered altar of Uskayaw.
  2480 | D:3      | Found a glowing golden altar of the Shining One.
  2490 | D:3      | Found an ancient bone altar of Kikubaaqudgha.
  2497 | D:3      | Found a broken altar of Ashenzari.
  2605 | D:3      | Reached skill level 1 in Stealth
  2726 | D:3      | XOM: cloud trail
  2804 | D:4      | Found a staircase to the Ecumenical Temple.
  2946 | D:4      | XOM: scenery: summon butterflies
  2995 | D:4      | XOM: noise
  3066 | D:4      | XOM: cloud trail
  3135 | D:4      | Found a radiant altar of Vehumet.
  3295 | D:5      | Entered Level 5 of the Dungeon
  3297 | D:5      | Reached skill level 1 in Maces & Flails
  3297 | D:5      | Reached XP level 6. HP: 32/32 MP: 7/7
  3332 | D:5      | Found a transporter.
  3337 | D:5      | Noticed turdburglar's ghost (amateur MiFi)
  3381 | D:5      | XOM: potion effect (invisibility)
  3483 | D:5      | Reached skill level 2 in Maces & Flails
  3589 | D:5      | XOM: divination: detect creatures
  3623 | D:5      | XOM: divination: detect creatures
  3658 | D:5      | XOM: potion effect (brilliance)
  3658 | D:5      | XOM: butterfly on damage
  3662 | D:5      | Reached XP level 7. HP: 11/37 MP: 3/8
  3664 | D:5      | XOM: potion effect (invisibility)
  3734 | D:5      | XOM: silly message
  3739 | D:5      | Reached skill level 3 in Maces & Flails
  3769 | D:5      | Found a transporter.
  4010 | D:6      | XOM: potion effect (brilliance)
  4054 | D:6      | Gained mutation: You have razor-sharp teeth. [Vine Stalker
                  | growth]
  4054 | D:6      | Reached XP level 8. HP: 42/42 MP: 9/9
  4056 | D:6      | XOM: potion effect (haste)
  4065 | D:6      | XOM: divination: detect items
  4159 | D:6      | XOM: silly message
  4179 | D:6      | Reached skill level 4 in Maces & Flails
  4502 | D:6      | XOM: silly message
  4649 | D:7      | XOM: silly message
  4697 | D:7      | HP: 1/39 [wight/+4 battleaxe (7)]
  4712 | D:8      | Reached skill level 5 in Maces & Flails
  4773 | D:8      | XOM: divination: detect items
  4862 | D:7      | XOM: divination: detect creatures
  4864 | D:7      | XOM: potion effect (brilliance)
  4871 | D:7      | Reached skill level 1 in Shields
  4871 | D:7      | Reached XP level 9. HP: 19/46 MP: 4/10
  4964 | D:7      | XOM: butterfly on damage
  5134 | D:7      | Reached skill level 5 in Fighting
  5232 | D:7      | Reached skill level 5 in Evocations
  5515 | D:8      | XOM: cast spell 'Summon Small Mammal'
  5597 | D:8      | Found a large runed translucent door.
  5604 | D:8      | Found a large runed translucent door.
  5668 | D:8      | XOM: cleaving
  5671 | D:8      | Found a shimmering altar of Xom.
  5685 | D:8      | Found a basalt altar of Yredelemnul.
  5849 | D:8      | Identified the +8 chain mail of Experimentation {+Inv
                  | rElec}
  5950 | D:8      | XOM: silly message
  6000 | D:8      | Noticed a komodo dragon
  6009 | D:8      | Noticed a meliai
  6009 | D:8      | a komodo dragon changed into a meliai
  6009 | D:8      | XOM: polymorph komodo dragon -> meliai
  6010 | D:8      | XOM: summons friendly crimson imp
  6011 | D:8      | Killed a meliai
  6012 | D:8      | Reached skill level 6 in Maces & Flails
  6031 | D:8      | Found a staircase to the Lair.
  6317 | D:8      | XOM: give mutations
  6317 | D:8      | Gained mutation: [You are frail. (-10% HP)] [Xom's
                  | mischief]
  6317 | D:8      | Gained mutation: [You are very frail. (-20% HP)] [Xom's
                  | mischief]
  6384 | D:9      | Noticed a skeletal warrior
  6430 | D:9      | Found a transporter.
  6441 | D:9      | Noticed PorkyPig's ghost (novice HOMo)
  6442 | D:9      | Noticed a wizard
  6563 | D:9      | Reached XP level 10. HP: 35/40 MP: 11/11
  6568 | D:9      | XOM: silly message
  6569 | D:9      | XOM: stat loss: -1 Dex (11/13)
  6573 | D:9      | XOM: confuse monster(s)
  6612 | D:9      | XOM: smoke on damage
  6621 | D:9      | Reached skill level 7 in Maces & Flails
  6731 | D:9      | XOM: 1-stop teleportation journey
  6775 | D:9      | Noticed a faun
  6780 | D:9      | XOM: give mutations
  6780 | D:9      | Gained mutation: [You are extremely frail. (-30% HP)]
                  | [Xom's mischief]
  6780 | D:9      | Gained mutation: [Your body sometimes deteriorates upon
                  | taking damage.] [Xom's mischief]
  6780 | D:9      | Gained mutation: You have sharp toenails. [Xom's mischief]
  6787 | D:9      | Lost mutation: [Your body sometimes deteriorates upon
                  | taking damage.] [potion of mutation]
  6787 | D:9      | Lost mutation: You have sharp toenails. [potion of
                  | mutation]
  6787 | D:9      | Gained mutation: Your muscles are strong. (Str +4, Int/Dex
                  | -1) [potion of mutation]
  6787 | D:9      | Gained mutation: Your mind is acute. (Int +4, Str/Dex -1)
                  | [potion of mutation]
  6787 | D:9      | Gained mutation: You are partially covered in large bone
                  | plates. (SH +4) [potion of mutation]
  6797 | D:9      | Lost mutation: You are partially covered in large bone
                  | plates. (SH +4) [potion of mutation]
  6797 | D:9      | Lost mutation: [You are extremely frail. (-30% HP)] [potion
                  | of mutation]
  6797 | D:9      | Gained mutation: You have hidden genetic potential. [potion
                  | of mutation]
  6797 | D:9      | Lost mutation: Your mind is acute. (Int +4, Str/Dex -1)
                  | [potion of mutation]
  6797 | D:9      | Lost mutation: [You are very frail. (-20% HP)] [potion of
                  | mutation]
  6797 | D:9      | Gained mutation: You heal very quickly. [potion of
                  | mutation]
  6853 | D:9      | XOM: give mutations
  6853 | D:9      | Lost mutation: You have hidden genetic potential. [Xom's
                  | mischief]
  6853 | D:9      | Gained mutation: [You are dopey. (Int -2)] [Xom's mischief]
  6853 | D:9      | Gained mutation: You have sharp toenails. [Xom's mischief]
  7071 | D:9      | XOM: give mutations
  7071 | D:9      | Lost mutation: Your muscles are strong. (Str +4, Int/Dex
                  | -1) [Xom's mischief]
  7071 | D:9      | Lost mutation: [You are frail. (-10% HP)] [Xom's mischief]
  7084 | D:9      | XOM: polymorph troll -> komodo dragon
  7102 | D:9      | Found a hazy altar of Hepliaklqana.
  7105 | D:9      | Found a shadowy altar of Dithmenos.
  7137 | D:9      | Found a transporter.
  7143 | D:9      | Found a one-way gate to the infinite horrors of the Abyss.
  7144 | D:9      | Noticed a toenail golem
  7256 | D:9      | Noticed a lindwurm
  7256 | D:9      | a komodo dragon changed into a lindwurm
  7275 | D:9      | Killed a toenail golem
  7275 | D:9      | XOM: divination: detect creatures
  7275 | Abyss:1  | Cast into level 1 of the Abyss (orc warrior)
  7296 | Abyss:1  | Noticed a starcursed mass
  7331 | Abyss:1  | Noticed a wretched star
  7337 | Abyss:1  | XOM: cleaving
  7359 | Abyss:1  | XOM: swap monsters
  7400 | Abyss:1  | XOM: confuse monster(s)
  7416 | Abyss:1  | XOM: summons 3 friendly demons
  7419 | Abyss:1  | XOM: polymorph white imp -> lemure
  7428 | Abyss:1  | Reached skill level 1 in Throwing
  7453 | Abyss:1  | HP: 1/42 [large abomination (2)]
  7491 | Abyss:1  | Lost mutation: You have sharp toenails. [potion of
                  | mutation]
  7491 | Abyss:1  | Lost mutation: [You are very dopey. (Int -4)] [potion of
                  | mutation]
  7491 | Abyss:1  | Lost mutation: You heal very quickly. [potion of mutation]
  7510 | Abyss:1  | Noticed an ancient lich
  7521 | Abyss:1  | Noticed an orange demon
  7525 | Abyss:1  | XOM: potion effect (magic)
  7539 | Abyss:1  | XOM: confuse monster(s)
  7542 | Abyss:1  | Noticed a sun demon
  7543 | Abyss:1  | Noticed a balrug
  7545 | Abyss:1  | Noticed a sun demon
  7547 | Abyss:1  | Noticed a sun demon
  7549 | Abyss:1  | Noticed a sun demon
  7568 | Abyss:1  | Noticed a sixfirhy
  7568 | Abyss:1  | HP: 2/42 [sixfirhy (1)]
  7571 | Abyss:1  | XOM: noise
  7572 | Abyss:1  | Noticed an angel
  7576 | Abyss:1  | Noticed a starcursed mass
  7580 | Abyss:1  | HP: 2/42 [sixfirhy (2)]
  7583 | Abyss:1  | Killed from afar by a starcursed mass

Illustrated notes

Levels and vault maps discovered:
D:1:      sevenhm_arrival_forest_fort_small_4, layout_basic, serial_glass,
          glass_columns_c, glass_columns_a, glass_columns_a, glass_columns_c,
          glass_columns_c, glass_columns_a, minmay_strange_pillars,
          dk_noncrumbling_4, supply_closet_lemuel
D:2:      layout_rooms, serial_shops, shop_fountains, shop
D:3:      layout_basic, ashenzari_conservatory_becter,
          grunt_temple_overflow_open, nicolae_uskayaw_dance_hall,
          nicolae_wormholes, uniq_terence, uniq_jessica
D:4:      layout_rooms, old_standard_altar, minmay_temple_entry_statues
D:5:      layout_gridville, gammafunk_ghost_mausoleum
D:6:      layout_loops_ring
D:7:      layout_cave_pools, serial_demonic, serial_demonic_e, serial_demonic_d,
          serial_demonic_c, serial_demonic_e
D:8:      minmay_weird_star, layout_basic, jmf_multi_god_temple2,
          david_lair_shrubbed, small_statue_intersection
D:9:      layout_loops_ring, riverfiend_overflow_shadow_ancestor,
          gammafunk_ghost_abyssal_escape, lightli_corner_chamber
Abyss:1:  base: Temple, evilmike_abyss_exit_13

Skill      XL: |  1  2  3  4  5  6  7  8  9 10 |
---------------+-------------------------------+-----
Dodging        | 1 2 |  2.9
Fighting       | 3 4 5 |  5.7
Axes           | 3 |  3.6
Evocations     | 1 2 3 4 6 |  6.7
Armour         | 2 3 4 |  4.4
Stealth        | 2 3 4 |  4.3
Maces & Flails | 1 2 3 5 6 7 |  7.4
Shields        | 1 2 3 |  3.1
Throwing       | 1 |  1.0

Action                   |  1- 3 |  4- 6 |  7- 9 | 10-12 || total
-------------------------+-------+-------+-------+-------++-------
Melee: Hand axe          |    97 |       |       |       ||    97
       Bite              |    13 |    13 |    62 |    23 ||   111
       Punch             |     1 |       |       |       ||     1
       Dagger            |     5 |       |       |       ||     5
       Whip              |       |     7 |       |       ||     7
       Mace              |       |    66 |   226 |    69 ||   361
       Kick              |       |       |       |    11 ||    11
Throw: Boomerang         |     1 |     1 |     6 |       ||     8
       Dart              |       |       |     3 |     3 ||     6
  Use: Scroll            |     6 |       |     9 |     2 ||    17
       Potion            |       |       |     9 |     7 ||    16
 Stab: Sleeping          |       |     7 |     1 |       ||     8
       Invisible         |       |       |     1 |       ||     1
Armor: Leather armour    |    47 |     1 |       |       ||    48
       Ring mail         |       |    27 |   114 |       ||   141
       Chain mail        |       |       |    22 |    42 ||    64
Dodge: Dodged            |    71 |    36 |   133 |    32 ||   272
Block: Buckler           |       |       |    67 |    23 ||    90
